 Dungeon Crawl Stone Soup version 0.25-a0-100-g33052ceff8 (webtiles) character file.

Game seed: 15810178064605542128, levelgen mode: deterministic

8143 Amanar the Nimble (level 11, 0/54 HPs)
             Began as a Deep Elf Summoner on Nov 14, 2019.
             Was a High Priest of Sif Muna.
             Engulfed by a fire crab (shapeshifter)'s flame (15 damage)
             ... on level 13 of the Dungeon.
             The game lasted 01:36:10 (16312 turns).

Amanar the Nimble (Deep Elf Summoner)              Turns: 16312, Time: 01:36:10

Health: 0/54       AC: 14    Str:  5    XL:     11   Next: 6%
Magic:  24/27      EV: 18    Int: 29    God:    Sif Muna [*****.]
Gold:   879        SH:  0    Dex: 15    Spells: 15/31 levels left

rFire    . . .     SeeInvis +   J - +10 morningstar of Cepruof {flame, MR+ Int+3}
rCold    . . .     Gourm    .   (no shield)
rNeg     + . .     Faith    .   q - +3 leather armour of the Blizzard {rN+ Int+2 SInv Stlth+}
rPois    .         Spirit   .   m - +1 helmet
rElec    .         Reflect  .   H - +2 cloak
rCorr    .         Harm     .   (no gloves)
MR       +++..                  I - +2 pair of boots {run}
Stlth    +++.......             D - amulet of magic regeneration
HPRegen  0.18/turn              l - ring of protection from magic
MPRegen  0.45/turn              y - ring of wizardry

@: quick
A: no striking features
a: Channel Magic, Forget Spell, Divine Exegesis, Renounce Religion


You were on level 13 of the Dungeon.
You worshipped Sif Muna.
Sif Muna was extremely pleased with you.
You were not hungry.

You visited 2 branches of the dungeon, and saw 14 of its levels.
You also visited: Ossuary.

You collected 890 gold pieces.
You spent 11 gold pieces at shops.

Inventory:

Hand Weapons
 c - the +5 flail "Rerif" {crush, rN+ Dex+4}
   (You found it on level 9 of the Dungeon)

   It inflicts extra damage upon your enemies.
   It affects your dexterity (+4).
   It protects you from negative energy.
 J - the +10 morningstar of Cepruof (weapon) {flame, MR+ Int+3}
   (You found it on level 11 of the Dungeon)

   It has been specially enchanted to burn those struck by it, causing extra
   injury to most foes and up to half again as much damage against particularly
   susceptible opponents.
   It affects your intelligence (+3).
   It affects your resistance to hostile enchantments.
Missiles
 F - 3 javelins (quivered)
Armour
 m - a +1 helmet (worn)
   (You took it off Robin on level 3 of the Dungeon)
 q - the +3 leather armour of the Blizzard (worn) {rN+ Int+2 SInv Stlth+}
   (You found it on level 4 of the Dungeon)

   It affects your intelligence (+2).
   It protects you from negative energy.
   It lets you see invisible.
   It makes you more stealthy.
 H - a +2 cloak (worn)
   (You found it on level 9 of the Dungeon)
 I - a +2 pair of boots of running (worn)
   (You found it on level 13 of the Dungeon)
Jewellery
 b - a +5 ring of dexterity
   (You found it on level 4 of the Dungeon)
 k - an uncursed ring of protection from magic
   (You found it on level 2 of the Dungeon)
 l - a ring of protection from magic (left hand)
   (You found it on level 1 of the Dungeon)
 o - an uncursed ring of positive energy
   (You found it on level 6 of the Dungeon)
 v - an uncursed ring of fire
   (You found it on level 13 of the Dungeon)
 y - a ring of wizardry (right hand)
   (You found it on level 6 of the Dungeon)
 D - an amulet of magic regeneration (around neck)
   (You found it on level 8 of the Dungeon)
Wands
 d - a wand of iceblast (6)
   (You found it on level 12 of the Dungeon)
 f - a wand of polymorph (9)
   (You found it on level 2 of the Dungeon)
 t - a wand of flame (26)
   (You found it on level 7 of the Dungeon)
 u - a wand of paralysis (6)
   (You found it on level 8 of the Dungeon)
 L - a wand of scattershot (4)
   (You found it on level 10 of the Dungeon)
Scrolls
 h - 4 scrolls of identify {@r1}
 r - 3 scrolls of enchant armour
 B - a scroll of fear
 C - 2 scrolls of blinking
 E - 5 scrolls of teleportation {@r4}
 O - 6 scrolls of remove curse {@r2}
Potions
 a - 3 potions of ambrosia
 g - 3 potions of magic
 i - 8 potions of agility
 j - 6 potions of brilliance
 n - 3 potions of cancellation
 p - 3 potions of lignification {!q}
 s - 5 potions of heal wounds {@q2}
 w - 6 potions of curing {@q1}
 x - 2 potions of flight
 G - a potion of might
 N - a potion of resistance
Comestibles
 e - 13 rations {!d}


   Skills:
 + Level 10.7 Dodging
 - Level 2.4 Stealth
 - Level 10.5 Spellcasting
 + Level 8.3 Summonings
 + Level 4.6 Ice Magic
 + Level 5.6 Air Magic
 + Level 8.5 Invocations


You had 15 spell levels left.
You knew the following spells:

 Your Spells              Type           Power        Failure   Level  Hunger
a - Ozocubu's Armour      Chrm/Ice       ####....     2%          3    None
c - Call Canine Familiar  Summ           ######..     1%          3    None
d - Summon Ice Beast      Ice/Summ       ######..     1%          4    None
x - Call Imp              Summ           ######..     1%          2    None
z - Summon Lightning Spi  Summ/Air       ######..     1%          4    None

Your spell library contained the following spells:

 Spells                   Type           Power        Failure   Level  Hunger
 Freeze                   Ice            ####         1%          1    None
 Summon Small Mammal      Summ           ####         1%          1    None
 Ensorcelled Hibernation  Hex/Ice        ####..       1%          2    None
 Summon Guardian Golem    Hex/Summ       #####...     1%          3    None
 Animate Skeleton         Necr           N/A          2%          1    None
 Beastly Appendage        Tmut           ###...       2%          1    None
 Confusing Touch          Hex            ###...       2%          1    None
 Sticks to Snakes         Tmut           ###.....     3%          2    None
 Confuse                  Hex            ###.....     8%          3    None
 Gell's Gravitas          Tloc           ###.......   8%          3    None
 Spider Form              Tmut/Pois      ###.......   8%          3    None
 Ice Form                 Ice/Tmut       ####....     9%          4    None
 Throw Icicle             Conj/Ice       ####....     9%          4    None
 Petrify                  Tmut/Erth      ###.....     24%         4    None
 Metabolic Englaciation   Hex/Ice        ####......   26%         5    ###....
 Blade Hands              Tmut           ###.......   52%         5    ###....
 Yara's Violent Unravell  Hex/Tmut       ###.......   52%         5    ###....
 Death Channel            Necr           ###.......   97%         6    #####..
 Glaciate                 Conj/Ice       ####......   100%        9    #######


Dungeon Overview and Level Annotations

Branches:
Dungeon (13/15)            Temple (1/1) D:4            Lair (0/6) D:11
    Orc (0/2) D:9         Ossuary (visited)
 Vaults: D:13-14

Altars:
Ashenzari
Cheibriados
Dithmenos
Elyvilon
Fedhas
Gozag
Hepliaklqana
Kikubaaqudgha
Makhleb
Nemelex Xobeh
Okawaru
Qazlal
Ru
Sif Muna
Trog
Uskayaw
Vehumet
Wu Jian
Xom
Yredelemnul
Zin
The Shining One
Beogh

Shops:
D:7 !

Annotations:
D:4 Natasha


Message History

The shapeshifter changes into a fire crab!
That's the wrong kind of item! (Use * to select it.) x2
Okay, then.
Here: a fire crab shaped shifter The floor.
Out of range.
Okay, then.
The mass of ice explodes!
The iceblast engulfs the fire crab!
The mass of ice explodes!
The iceblast engulfs the fire crab!
Your ice beast disappears in a puff of smoke!
That's the wrong kind of item! (Use * to select it.)
Okay, then.
Aim: a fire crab shaped shifter (heavily wounded, chance to defeat MR: 28%)
Okay, then.
Aim: a fire crab shaped shifter (heavily wounded)
The mass of ice explodes!
The iceblast engulfs the fire crab!
A chill wind blows around you.
Your ice beast disappears in a puff of smoke!
A chill wind blows around you.
You swap places.
The fire crab breathes flames at you.
The blast of flame engulfs your ice beast!
Your ice beast melts!
Your ice beast is engulfed in blazing flames.
Your ice beast hits the fire crab but does no damage.
Your ice beast is engulfed in blazing flames.
Your ice beast barely misses the fire crab.
The fire crab breathes flames at you.
The blast of flame engulfs your ice beast.
Your ice beast melts!
There is an open door here.
Your ice beast is engulfed in blazing flames.
Your ice beast hits the fire crab but does no damage.
Your ice beast is engulfed in blazing flames.
Your ice beast dies!
The fire crab breathes flames at you. The blast of flame engulfs you.
You are engulfed in blazing flames.
The fire crab breathes flames at you.
The blast of flame engulfs you but does no damage.
You are engulfed in blazing flames.
You are engulfed in blazing flames.
* * * LOW HITPOINT WARNING * * *
Out of range.
Okay, then.
The fire crab breathes flames at you. The blast of flame engulfs you!
* * * LOW HITPOINT WARNING * * *
You are engulfed in blazing flames.
You die...

.#......#...#.......#...#....#...
.#......#...#.......#...#....5...
.#......#...#.Y.....#...#...5#...
.#......##'##Y..#...#...#....#...
............5...#...##'####'##5..
................#............#.5.
)...............#............#...
#################○...........#...
.........#..○○°@○...........#...
.........+...○○#○...........#...
......°°°#.○○○○######...#####...
.....Y°°°#☼....# #...........
......t°.t.....# #...........
.#########.....# #...........
#.......#.....# #...........
#.............# #...........
#.............# #...........


You could see a fire crab shaped shifter.

Vanquished Creatures
  An unseen horror (D:13)
  2 phantoms
  2 adders
  A shadow imp (D:8)
  3 orcs
9 creatures vanquished.

Vanquished Creatures (collateral kills)
  A hydra (D:12)
  A centaur warrior (D:13)
  2 death knights
  A two-headed ogre (D:9)
  Pikel (D:9)
  A cyclops (D:11)
  2 ugly things (D:10)
  Maurice (D:9)
  A gargoyle (D:11)
  A kobold demonologist (D:12)
  A freezing wraith (D:11)
  A troll (D:9)
  3 hippogriffs
  Sigmund (D:4)
  2 yaks (D:11)
  2 wraiths (D:11)
  A hungry ghost (D:13)
  A soldier ant (D:12)
  Duvessa (D:4)
  2 porcupines (D:11)
  4 sky beasts
  11 orc warriors
  2 black bears
  A necrophage (D:10)
  An eye of draining (D:12)
  2 ice beasts
  3 phantoms
  7 ogres
  A centaur (D:10)
  2 crocodiles (D:10)
  3 big kobolds
  6 bullfrogs
  A gnoll sergeant (D:7)
  Dowan (D:4)
  2 water moccasin zombies (Ossuary)
  A scorpion (D:4)
  9 killer bees (D:8)
  7 howler monkeys
  4 crimson imps
  A bullfrog zombie (D:11)
  3 centaur zombies
  A quasit (D:10)
  5 hounds
  9 orc priests
  6 orc wizards
  A centaur skeleton (D:8)
  5 iguanas
  Natasha (twice) (D:4)
  13 worker ants
  3 big kobold zombies (Ossuary)
  A hound zombie (D:9)
  2 hound skeletons
  2 mummies (Ossuary)
  Robin (D:3)
  10 gnolls
  14 adders
  4 shadow imps
  2 oozes
  4 adder zombies (Ossuary)
  A worm (D:2)
  2 dart slugs (D:3)
  7 leopard geckos
  58 orcs
  7 giant cockroaches
  11 goblins
  15 hobgoblins
  13 jackals
  15 kobolds
  4 quokkas
  A ball python (D:3)
  3 bats
  8 frilled lizards
  2 gnoll zombies (Ossuary)
  5 hobgoblin zombies (Ossuary)
  A jackal skeleton (D:4)
  2 kobold zombies (Ossuary)
  A leopard gecko skeleton (D:4)
  2 orc zombies (Ossuary)
  A quokka zombie (D:7)
  4 rats
  A fungus (D:11)
348 creatures vanquished.

Vanquished Creatures (others)
  A slave (D:9)
  A crimson imp (D:9)
  A gnoll zombie (Ossuary)
  14 fungi (D:11)
  12 plants (D:11)
29 creatures vanquished.

Grand Total: 386 creatures vanquished

Notes
Turn   | Place    | Note
-------+----------+-------------------------------------------
     0 | D:1      | Amanar the Deep Elf Summoner began the quest for the Orb.
     0 | D:1      | Reached XP level 1. HP: 10/10 MP: 6/6
   220 | D:1      | Reached XP level 2. HP: 15/15 MP: 5/8
   531 | D:1      | Learned a level 2 spell: Call Imp
   774 | D:2      | Found a stormy altar of Qazlal.
  1046 | D:2      | Noticed a bullfrog
  1067 | D:2      | Killed a bullfrog
  1067 | D:2      | Reached XP level 3. HP: 19/19 MP: 4/10
  1069 | D:2      | Reached skill level 5 in Summonings
  1430 | D:2      | Found a blossoming altar of Fedhas.
  1546 | D:3      | Reached XP level 4. HP: 21/24 MP: 4/12
  2398 | D:3      | Found an ornate altar of the Wu Jian Council.
  2522 | D:3      | Noticed Robin
  2563 | D:3      | Killed Robin
  2860 | D:4      | Learned a level 4 spell: Summon Lightning Spire
  2861 | D:4      | Noticed Sigmund
  3096 | D:4      | Reached XP level 5. HP: 28/28 MP: 8/14
  3175 | D:4      | Found a staircase to the Ecumenical Temple.
  3195 | Temple   | Entered the Ecumenical Temple
  3275 | D:4      | Noticed a small abomination
  3688 | D:4      | Found a glowing silver altar of Zin.
  3695 | D:4      | Noticed Natasha
  3723 | D:4      | Killed Natasha
  3726 | D:4      | Reached skill level 1 in Air Magic
  3794 | D:4      | Noticed Natasha
  3798 | D:4      | Killed Natasha
  3798 | D:4      | Reached skill level 5 in Spellcasting
  3813 | D:4      | Found a hazy altar of Hepliaklqana.
  4167 | D:4      | Noticed Dowan
  4169 | D:4      | Noticed Duvessa
  4180 | D:4      | Killed Duvessa
  4180 | D:4      | Reached XP level 6. HP: 32/32 MP: 9/15
  4181 | D:4      | Killed Dowan
  4232 | D:4      | Got a faintly glowing leather armour
  4245 | D:4      | Identified the +3 leather armour of the Blizzard {rN+ Int+2
                  | SInv Stlth+} (You found it on level 4 of the Dungeon)
  4347 | D:4      | Noticed Natasha
  4610 | D:4      | Killed Sigmund
  4729 | D:5      | Entered Level 5 of the Dungeon
  4736 | D:5      | Found a shimmering blue altar of Sif Muna.
  4742 | D:5      | Became a worshipper of Sif Muna the Loreminder
  4786 | D:5      | Reached skill level 5 in Dodging
  5264 | D:5      | Noticed a sky beast
  5332 | D:5      | Killed a sky beast
  5332 | D:5      | Reached XP level 7. HP: 36/36 MP: 6/18
  5707 | D:5      | Found a snail-covered altar of Cheibriados.
  5722 | D:5      | Reached * piety under Sif Muna
  6068 | D:5      | Learned a level 3 spell: Call Canine Familiar
  6316 | D:5      | Found a shadowy altar of Dithmenos.
  6341 | D:5      | Reached skill level 1 in Invocations
  6685 | D:6      | Found a sand-covered staircase.
  6693 | Ossuary  | Entered an ossuary
  7590 | D:6      | Found a radiant altar of Vehumet.
  7591 | D:6      | Found a burning altar of Makhleb.
  7636 | D:6      | Reached XP level 8. HP: 33/41 MP: 16/20
  8269 | D:7      | Reached ** piety under Sif Muna
  8544 | D:7      | Found Foadd's Distillery.
  8549 | D:7      | Got a translucent hand crossbow
  8550 | D:7      | Identified the cursed +2 hand crossbow of Corot {venom,
                  | *Slow rElec rC+++ MP-9} (You found it on level 7 of the
                  | Dungeon)
  8555 | D:7      | Bought a potion of degeneration for 11 gold pieces
  8734 | D:7      | Found a shattered altar of Ashenzari.
  8882 | D:8      | Noticed a hippogriff
  8889 | D:8      | Killed a hippogriff
  8948 | D:8      | Reached *** piety under Sif Muna
  9235 | D:8      | Learned a level 4 spell: Summon Ice Beast
  9260 | D:8      | Found a roughly hewn altar of Beogh.
  9562 | D:8      | Found a blossoming altar of Fedhas.
  9585 | D:8      | Reached XP level 9. HP: 45/45 MP: 15/23
  9785 | D:8      | Reached skill level 5 in Invocations
  9864 | D:9      | Noticed Pikel
  9864 | D:9      | Noticed a troll
  9868 | D:9      | Killed a troll
  9882 | D:9      | Killed Pikel
 10199 | D:9      | Found a white marble altar of Elyvilon.
 10286 | D:9      | Found a shattered altar of Ashenzari.
 10655 | D:9      | Got a transparent flail
 10656 | D:9      | Identified the +5 flail "Rerif" {crush, rN+ Dex+4} (You
                  | found it on level 9 of the Dungeon)
 10783 | D:9      | Noticed Maurice
 10792 | D:9      | Killed Maurice
 11082 | D:9      | Noticed a two-headed ogre
 11099 | D:9      | Killed a two-headed ogre
 11099 | D:9      | Reached skill level 10 in Spellcasting
 11394 | D:9      | Found a staircase to the Orcish Mines.
 11412 | D:9      | Reached **** piety under Sif Muna
 11635 | D:10     | Entered Level 10 of the Dungeon
 11683 | D:10     | Noticed a green ugly thing
 11696 | D:10     | Killed a green ugly thing
 12117 | D:10     | Noticed a white ugly thing
 12134 | D:10     | Killed a white ugly thing
 12134 | D:10     | Reached skill level 1 in Ice Magic
 12134 | D:10     | Reached XP level 10. HP: 49/50 MP: 16/26
 12739 | D:11     | Noticed a cyclops
 12770 | D:11     | Killed a cyclops
 12853 | D:11     | Noticed a death knight
 13051 | D:11     | Reached ***** piety under Sif Muna
 13051 | D:11     | Identified Uzup Kai's Tome of Ice (Sif Muna gifted it to
                  | you on level 11 of the Dungeon)
 13051 | D:11     | Received a gift from Sif Muna
 13148 | D:11     | Reached skill level 10 in Dodging
 13263 | D:11     | Noticed a gargoyle
 13288 | D:11     | Killed a gargoyle
 13389 | D:11     | Learned a level 3 spell: Ozocubu's Armour
 13630 | D:11     | HP: 1/50 [death knight/+0 great mace (32)]
 13659 | D:11     | Killed a death knight
 13978 | D:11     | Got an ichor-stained morningstar
 14006 | D:11     | Found a staircase to the Lair.
 14316 | D:12     | Identified the Collected Works on Ensnaring Necromancy
 14316 | D:12     | Reached skill level 5 in Air Magic
 14547 | D:12     | Noticed a death knight
 14560 | D:12     | Killed a death knight
 14883 | D:12     | Noticed an eight-headed hydra
 14894 | D:12     | Killed an eight-headed hydra
 15717 | D:13     | Identified the +10 morningstar of Cepruof {flame, MR+
                  | Int+3} (You found it on level 11 of the Dungeon)
 15726 | D:13     | Noticed a centaur warrior
 15743 | D:13     | Killed a centaur warrior
 15946 | D:13     | Noticed an unseen horror
 15998 | D:13     | Killed an unseen horror
 15998 | D:13     | Reached XP level 11. HP: 47/54 MP: 20/27
 16038 | D:13     | Identified a +0 pair of boots of running (You found it on
                  | level 13 of the Dungeon)
 16294 | D:13     | Noticed an unseen horror
 16295 | D:13     | an unseen horror changed into a shapeshifter
 16295 | D:13     | Noticed a fire crab
 16295 | D:13     | a shapeshifter changed into a fire crab
 16312 | D:13     | Engulfed by a fire crab (shapeshifter)'s flame

Levels and vault maps discovered:
D:1:      psy_arrival_wood_between_worlds, layout_rooms, interstate_on_off,
          minmay_misc_feat_secret_circle
D:2:      layout_loops_ring, lemuel_coloured_pillars_altar,
          lemuel_crystal_altar, first_ration, minmay_heptomino_o4
D:3:      layout_basic, lemuel_doored_altar, uniq_robin
D:4:      layout_rooms, overflow_temple_1_default, kennysheep_mini_moat,
          minmay_temple_entry_stoned_glass, minmay_fountain_box, uniq_duvessa,
          uniq_sigmund, uniq_natasha
D:5:      layout_basic, overflow_temple_1_default, old_standard_altar,
          nicolae_dithmenos_through_a_glass_darkly
D:6:      layout_loops_ring, grunt_temple_overflow_lords_of_destruction,
          chequers_ossuary_entry_cave, minmay_misc_feat_roman,
          mrwooster_statue_mirror
D:7:      layout_rooms, serial_shops, shop, basic_altar
D:8:      layout_rooms, basic_altar, special_room [special_room_orc],
          grunt_pizzeria, hex_intersection
D:9:      wad_river_or_something, layout_layer_cave, evilmike_ruin_ashenzari,
          elyvilon_altar_1, uniq_maurice, uniq_pikel
D:10:     layout_basic
D:11:     layout_basic, grunt_lair_entry_orc_guard_hut, patterned_corridor
D:12:     layout_layer_cave, hangedman_decor_clover_reticule
D:13:     layout_grid_maze
Temple:   chequers_temple_sunken

Skill      XL: |  1  2  3  4  5  6  7  8  9 10 |
---------------+-------------------------------+-----
Dodging        | 3 4 5 6 7 9 10 | 10.7
Spellcasting   | 4 5 6 8 10 | 10.5
Summonings     | 5 6 8 |  8.3
Air Magic      | 1 2 3 5 |  5.6
Invocations    | 2 4 7 8 |  8.5
Ice Magic      | 1 4 |  4.6
Stealth        | |  2.4

Action                   |  1- 3 |  4- 6 |  7- 9 | 10-12 || total
-------------------------+-------+-------+-------+-------++-------
Melee: Unarmed           |     1 |    11 |       |       ||    12
       Mace              |       |       |    64 |       ||    64
       Flail             |       |       |     3 |     4 ||     7
       Morningstar       |       |       |       |     9 ||     9
Throw: Javelin           |       |       |       |     1 ||     1
 Cast: Summon Small Mamm |    22 |       |       |       ||    22
       Call Imp          |    27 |    79 |    93 |    41 ||   240
       Summon Lightning  |       |    18 |    73 |    38 ||   129
       Summon Ice Beast  |       |       |    31 |    55 ||    86
       Call Canine Famil |       |       |     1 |       ||     1
       Ozocubu's Armour  |       |       |       |     6 ||     6
Evoke: Wand              |       |       |       |     5 ||     5
  Use: Scroll            |     6 |     5 |    12 |     6 ||    29
       Potion            |       |     3 |     8 |     1 ||    12
  Eat: Chunk             |     1 |     9 |    12 |    13 ||    35
       Ration            |       |     2 |     4 |       ||     6
Armor: Robe              |     5 |     8 |       |       ||    13
       Leather armour    |       |       |    45 |    18 ||    63
Dodge: Dodged            |     9 |    38 |   127 |    48 ||   222

Table legend:
 A = Non-vault XP
 B = Vault XP
 C = Vault XP percentage of total XP
 D = Non-vault monster count
 E = Vault monster count
 F = Vault count percentage of total count
                 A         B        C        D         E       F
            +---------+---------+-------+---------+---------+-------
      Total |    9379 |    2255 |  19.4 |     275 |      81 |  22.8
            +---------+---------+-------+---------+---------+-------
        D:1 |      16 |       0 |   0.0 |      15 |       0 |   0.0
        D:2 |      65 |       6 |   8.5 |      10 |       4 |  28.6
        D:3 |      68 |      19 |  21.8 |      29 |      12 |  29.3
        D:4 |     143 |     252 |  63.8 |      23 |       4 |  14.8
        D:5 |     532 |       0 |   0.0 |      40 |       0 |   0.0
        D:6 |     162 |      24 |  12.9 |       6 |       1 |  14.3
        D:7 |     378 |       2 |   0.5 |      20 |       1 |   4.8
        D:8 |     783 |     260 |  24.9 |      23 |      24 |  51.1
        D:9 |     667 |    1100 |  62.3 |      18 |       8 |  30.8
       D:10 |    1196 |       0 |   0.0 |      25 |       0 |   0.0
       D:11 |    2324 |     431 |  15.6 |      37 |       5 |  11.9
       D:12 |    1543 |       0 |   0.0 |      19 |       0 |   0.0
       D:13 |    1502 |       0 |   0.0 |      10 |       0 |   0.0
    Ossuary |       0 |     161 | 100.0 |       0 |      22 | 100.0
            +---------+---------+-------+---------+---------+-------
